 Dungeon Crawl Stone Soup version 0.32-a0-640-gc5db3fc80f (webtiles) character file.

Game seed: 479213697141776250

2039 Notanamesir the Thaumaturge (level 9, -4/45 HPs)
             Began as a Deep Elf Necromancer on Mar 7, 2024.
             Was an Initiate of Kikubaaqudgha.
             Slain by a +2 dagger of electrocution (16 damage)
             ... created by the wrath of Beogh
             ... on level 7 of the Dungeon.
             The game lasted 00:16:23 (6104 turns).

Notanamesir the Thaumaturge (Deep Elf Necromancer)  Turns: 6104, Time: 00:16:25

Health: -4/45      AC:  8    Str:  5    XL:     9   Next: 4%
Magic:  21/36      EV: 11    Int: 25    God:    Kikubaaqudgha [......]
Gold:   88         SH:  0    Dex: 15    Spells: 5/32 levels left

rFire   . . .        e - +3 dagger (venom)
rCold   . . .        (no shield)
rNeg    . . .        m - +0 leather armour
rPois   .            p - +1 helmet
rElec   .            (no cloak)
rCorr   .            (no gloves)
SInv    +            s - +2 pair of boots
Will    .....        (no amulet)
Stlth   ++           n - ring of see invisible
HPRegen 0.27/turn    o - ring of magical power
MPRegen 0.25/turn

%: no passive effects
@: about to teleport, very slightly contaminated, hasted, very quick
A: no striking features
a: Renounce Religion


You were on level 7 of the Dungeon.
You worshipped Kikubaaqudgha.
Kikubaaqudgha was noncommittal.
You visited 1 branch of the dungeon, and saw 7 of its levels.

You collected 335 gold pieces.
You spent 247 gold pieces at shops.

Inventory:

Hand Weapons
 e - a +3 dagger of venom (weapon)
Missiles
 u - 2 throwing nets
Armour
 m - a +0 leather armour (worn)
 p - a +1 helmet (worn)
 s - a +2 pair of boots (worn)
Jewellery
 d - a ring of willpower
 n - a ring of see invisible (left hand)
 o - a ring of magical power (right hand)
Wands
 j - a wand of flame (12)
 r - a wand of iceblast (4)
Scrolls
 g - 2 scrolls of teleportation
 l - a scroll of identify
Potions
 a - 2 potions of mutation
 b - a potion of berserk rage {unknown}
 i - 2 potions of cancellation


   Skills:
 - Level 2.4 Dodging
 - Level 2.4 Stealth
 + Level 12.0 Spellcasting
 * Level 2.0 Hexes
 - Level 11.5 Necromancy
 - Level 9.0 Invocations


You had 5 spell levels left.
You knew the following spells:

 Your Spells              Type           Power      Damage    Failure   Level
a - Necrotise             Necr           100%       1d9       1%          1
b - Vampiric Draining     Necr           64%        2d10      1%          3
c - Animate Dead          Necr           64%        N/A       1%          4
d - Curse of Agony        Necr           64%        N/A       1%          5
e - Sigil of Binding      Hex            25%        N/A       9%          3
f - Yara's Violent Unrav  Hex/Alch       10%        3d6       77%         5
g - Confusing Touch       Hex            25%        N/A       9%          3
h - Tukima's Dance        Hex            25%        N/A       9%          3

Your spell library contained the following spells:

 Spells                   Type           Power      Damage    Failure   Level
 Cigotuvi's Dreadful Rot  Necr/Alch/Air  68%        N/A       1%          2
 Slow                     Hex            100%       N/A       3%          1
 Magic Dart               Conj           60%        1d6       7%          1
 Mercury Vapours          Alch/Air       30%        N/A       10%         2
 Searing Ray              Conj           30%        2d5       10%         2
 Mephitic Cloud           Conj/Alch/Air  15%        N/A       21%         3
 Stone Arrow              Conj/Erth      30%        3d8       21%         3
 Animate Armour           Summ/Erth      30%        N/A       54%         4
 Fulminant Prism          Conj/Alch      7%         3d7       54%         4
 Ignite Poison            Fire/Alch      15%        N/A       54%         4
 Passage of Golubria      Tloc           15%        N/A       54%         4
 Vhi's Electric Charge    Tloc/Air       30%        N/A       54%         4
 Arcjolt                  Conj/Air       7%         1d17      88%         5
 Freezing Cloud           Conj/Ice/Air   7%         6-21      88%         5
 Plasma Beam              Fire/Air       7%         2x1d18    100%        6
 Lehudib's Crystal Spear  Conj/Erth      7%         10d3      100%        8


Dungeon Overview and Level Annotations

Branches:
Dungeon (7/15)             Temple (0/1) D:6

Altars:
Cheibriados
Hepliaklqana
Kikubaaqudgha
Makhleb
Qazlal
Vehumet
Zin
The Shining One

Shops:
D:1 ?   D:2 [   D:7 (


Message History

A +2 dagger of electrocution comes into view.
Press: ? - help, v - describe, . - travel
Here: a +2 dagger of electrocution (durably summoned)
The floor.
Okay, then.
Unknown command.
Okay, then.
Aiming: Vampiric Draining (safe; 1% risk of failure)
Press: ? - help, Q - select action, (/) - cycle Shift-Dir - straight line, f - you
Okay, then.
Okay, then.
Okay, then.
You feel yourself speed up.
The +2 dagger of electrocution attacks as it pursues you!
The +2 dagger of electrocution hits you.
You are electrocuted!
The +2 dagger of electrocution hits you.
The +2 dagger of electrocution attacks as it pursues you!
The +2 dagger of electrocution hits you but does no damage.
Casting: Sigil of Binding (dangerous; 9% risk of failure)
Press: ? - help, Q - select action, (/) - cycle Dir - look around, f - activate You miscast Sigil of Binding.
You are very lightly contaminated with residual magic.
Nothing appears to happen.
The +2 dagger of electrocution hits you. x2
You are electrocuted!
Casting: Sigil of Binding (dangerous; 9% risk of failure)
Press: ? - help, Q - select action, (/) - cycle Dir - look around, f - activate You inscribe a pair of binding sigils.
The +2 dagger of electrocution closely misses you.
Unknown command.
Okay, then.
As you read the scroll of teleportation, it crumbles to dust.
You feel strangely unstable.
The +2 dagger of electrocution hits you.
* * * LOW HITPOINT WARNING * * *
You are electrocuted!
You die...
Kikubaaqudgha rasps: You have failed me!
Welcome... death!
Beogh appreciates the +2 dagger of electrocution's killing of an apostate.

.......<.#######.....#
.....................#
.........######......#
........... ##.....#
.......###...###.....#
.......$ ##.........#
........ ######....#
........########.....#
............(@^..##..#
.......)).)^####.# #.#
......#####))# #.# .#
...... ##.# #.# #
..... #)# #.#
.................#
.... ..#####.#...#
.... #.#.#.... #.# #
##.


You could see a +2 dagger of electrocution.

Vanquished Creatures
  An orc high priest (D:6)
  2 wargs (D:6)
  A water moccasin (D:5)
  An orc warrior (D:6)
  A sky beast (D:7)
  2 black bears
  A phantom (D:4)
  A kobold brigand (D:7)
  A scorpion (D:5)
  A burial acolyte (D:6)
  A hound (D:5)
  3 jellies
  An orc priest (D:6)
  2 sleepcaps
  An iguana (D:5)
  An orc wizard (D:3)
  Natasha (D:3)
  3 hound zombies (D:6)
  5 adders
  3 shadow imps (D:6)
  A white imp (D:5)
  6 ufetubi
  2 dart slugs
  3 ribbon worms (D:4)
  15 orcs
  9 bats
  7 endoplasms
  2 giant cockroaches (D:3)
  5 goblins
  4 hobgoblins
  4 jackals (D:4)
  A quokka (D:4)
  7 ball pythons
  4 frilled lizards
  2 gnoll zombies (D:6)
  15 kobolds
  2 kobold zombies (D:6)
  5 rats
127 creatures vanquished.

Vanquished Creatures (collateral kills)
  An adder (D:4)
  A ball python (D:4)
  A goblin (D:1)
3 creatures vanquished.

Vanquished Creatures (others)
  An orc (D:3)
1 creature vanquished.

Grand Total: 131 creatures vanquished

Notes
Turn   | Place    | Note
-------+----------+-------------------------------------------
     0 | D:1      | Notanamesir the Deep Elf Necromancer began the quest for
                  | the Orb.
     0 | D:1      | Reached XP level 1. HP: 10/10 MP: 6/6
     0 | D:1      | Noticed a large abomination
     0 | D:1      | Noticed a large abomination
     2 | D:1      | Noticed a small abomination
     2 | D:1      | Noticed a large abomination
     4 | D:1      | Noticed a large abomination
     4 | D:1      | Noticed a large abomination
     8 | D:1      | Noticed a large abomination
    10 | D:1      | Noticed a large abomination
    10 | D:1      | Noticed a large abomination
    12 | D:1      | Noticed a large abomination
    13 | D:1      | Noticed a large abomination
    14 | D:1      | Noticed a large abomination
    16 | D:1      | Noticed a large abomination
    16 | D:1      | Noticed a large abomination
    16 | D:1      | Noticed a large abomination
    18 | D:1      | Noticed a large abomination
    18 | D:1      | Noticed a large abomination
   162 | D:1      | Reached skill level 5 in Necromancy
   243 | D:1      | Reached XP level 2. HP: 15/15 MP: 2/8
   445 | D:1      | Found The Oracle's Delphic Readings.
  1061 | D:2      | Reached skill level 4 in Spellcasting
  1155 | D:2      | Reached XP level 3. HP: 19/19 MP: 8/10
  1334 | D:2      | Learned a level 3 spell: Vampiric Draining
  1347 | D:2      | Found Juxtusa's Antique Armour Boutique.
  1967 | D:3      | Reached XP level 4. HP: 20/24 MP: 11/12
  1971 | D:3      | Became a worshipper of Beogh the Shepherd
  2047 | D:3      | Noticed Natasha
  2053 | D:3      | Killed Natasha
  2054 | D:3      | Reached skill level 5 in Spellcasting
  2477 | D:3      | Found a faded altar of an unknown god.
  2500 | D:3      | Learned a level 4 spell: Animate Dead
  2563 | D:4      | Reached skill level 1 in Invocations
  2711 | D:4      | Reached XP level 5. HP: 28/28 MP: 14/14
  3069 | D:4      | Noticed a phantom
  3074 | D:4      | Killed a phantom
  3074 | D:4      | Reached * piety under Beogh
  3191 | D:4      | Found a glowing golden altar of the Shining One.
  3296 | D:4      | Reached XP level 6. HP: 32/32 MP: 16/16
  3465 | D:4      | Found a hazy altar of Hepliaklqana.
  3521 | D:5      | Entered Level 5 of the Dungeon
  3627 | D:5      | Noticed a water moccasin
  3635 | D:5      | Killed a water moccasin
  3636 | D:5      | Reached skill level 6 in Spellcasting
  3857 | D:5      | Reached XP level 7. HP: 22/36 MP: 19/19
  3986 | D:5      | Learned a level 5 spell: Curse of Agony
  3990 | D:5      | Learned a level 3 spell: Sigil of Binding
  3998 | D:5      | Found a stormy altar of Qazlal.
  4013 | D:5      | Reached skill level 7 in Spellcasting
  4081 | D:5      | Found a burning altar of Makhleb.
  4109 | D:5      | Found a glowing silver altar of Zin.
  4471 | D:5      | Found a radiant altar of Vehumet.
  4793 | D:6      | Found a staircase to the Ecumenical Temple.
  4996 | D:2      | Bought a pair of runed boots for 247 gold pieces
  5145 | D:6      | Found a snail-covered altar of Cheibriados.
  5260 | D:6      | Learned a level 5 spell: Yara's Violent Unravelling
  5299 | D:6      | Found an ancient bone altar of Kikubaaqudgha.
  5340 | D:6      | Fell from the grace of Beogh
  5340 | D:6      | Became a worshipper of Kikubaaqudgha
  5683 | D:6      | Noticed Bogbarth
  5683 | D:6      | Noticed a warg
  5688 | D:6      | Killed Bogbarth the orc high priest
  5696 | D:6      | Killed a warg
  5743 | D:6      | Noticed an orc knight
  5743 | D:6      | Noticed a warg
  5743 | D:6      | Noticed an orc sorcerer
  5746 | D:6      | Killed a warg
  5753 | D:6      | Reached skill level 11 in Spellcasting
  5753 | D:6      | Reached XP level 8. HP: 13/41 MP: 0/25
  5783 | D:7      | Found Hyoschiel's Firing Range.
  5893 | D:7      | Learned a level 3 spell: Confusing Touch
  5897 | D:7      | Learned a level 3 spell: Tukima's Dance
  5953 | D:7      | Reached skill level 1 in Hexes
  5958 | D:7      | Reached skill level 12 in Spellcasting
  5958 | D:7      | Reached XP level 9. HP: 45/45 MP: 12/27
  6095 | D:7      | Noticed a +2 dagger of electrocution
  6104 | D:7      | Slain by a +2 dagger of electrocution

Illustrated notes

Levels and vault maps discovered:
D:1:      shiori_arrival_whats_in_store_for_you, layout_rooms,
          hangedman_decor_push, nicolae_nh_oracle_at_delphi
D:2:      layout_basic, serial_shops, nicolae_shop_tiny_glass
D:3:      layout_loops_cross, dreamdust_ecumenical_altar_hidden_monk_grotto,
          chequers_jeans, columned_hall_lemuel, moated_statue, uniq_natasha
D:4:      layout_loops_ring, mainiacjoe_overflow_surrounded_room,
          nzn_hepliaklqana_mist_gate
D:5:      black_bear_nest_1, layout_loops_ring,
          nicolae_qazlal_scattered_showers, vehumet_altar_wand_db,
          mainiacjoe_overflow_boulevard, mainiacjoe_overflow_24_doors,
          minmay_misc_feat_roman
D:6:      layout_loops_ring, mainiacjoe_overflow_concentric_impassable,
          regret_index_kikubaaqudgha_part_by_part,
          minmay_temple_entry_mini_moons
D:7:      layout_rooms, serial_demonic, serial_demonic_f, serial_demonic_c,
          serial_demonic_c, serial_demonic_c, nicolae_shop_firing_range

Skill      XL: |  1  2  3  4  5  6  7  8  9 |
---------------+----------------------------+-----
Necromancy     | 5 6 7 11 | 11.5
Spellcasting   | 4 5 6 11 12 | 12.0
Invocations    | 1 2 3 9 |  9.0
Hexes          | 1 2 |  2.0
Dodging        | |  2.4
Stealth        | |  2.4

Action                     |  1- 3 |  4- 6 |  7- 9 || total
---------------------------+-------+-------+-------++-------
  Melee: Short sword       |     2 |     8 |   134 ||   144
         Dagger            |       |       |    14 ||    14
   Cast: Necrotise         |    67 |    76 |    33 ||   176
         Vampiric Draining |       |     9 |    54 ||    63
         Sigil of Binding  |       |       |     1 ||     1
 Invoke: Convert to Beogh  |       |     1 |       ||     1
  Evoke: Wand              |       |     4 |       ||     4
    Use: Scroll            |     3 |     8 |     4 ||    15
         Potion            |       |       |    10 ||    10
   Stab: Sleeping          |       |       |     1 ||     1
 Armour: Robe              |     4 |       |       ||     4
         Leather armour    |     8 |    32 |   192 ||   232
  Dodge: Dodged            |     5 |    25 |   188 ||   218

Table legend: (Time is in decaauts)
 A = Elapsed time spent in this place.
 B = Non-inter-level travel time spent in this place.
 C = Inter-level travel time spent in this place.
 D = Time resting spent in this place.
 E = Time spent auto-exploring this place.
 F = Levels seen in this place.
 G = Mean time per level.
                   A        B        C        D        E       F      G
               +--------+--------+--------+--------+--------+-----+--------+
         Total |   6087 |   5764 |    323 |     92 |   4665 |   7 |  869.6 |
       Dungeon |   6087 |   5764 |    323 |     92 |   4665 |   7 |  869.6 |
               +--------+--------+--------+--------+--------+-----+--------+

Top non-repeatable levels by time:
     D:5: 1183 daAuts
     D:3: 1085 daAuts
     D:4: 1044 daAuts
     D:6: 930 daAuts
     D:2: 843 daAuts
     D:1: 691 daAuts
     D:7: 309 daAuts
